 Seeded DCSS version 0.29.1-4-g47bece8355 (webtiles) character file.

Game seed: 18334199546629406935 (custom seed)

148 Gelion the Conjurer (level 5, 0/39 HPs)
             Began as a Demonspawn Conjurer on Dec 11, 2022.
             Slain by a ball python (2 damage)
             ... in a sewer.
             The game lasted 00:07:11 (3057 turns).

Gelion the Conjurer (Demonspawn Conjurer)           Turns: 3057, Time: 00:07:11

Health: 0/39       AC: 11    Str: 13    XL:     5   Next: 8%
Magic:  1/9        EV:  9    Int: 21    God:
Gold:   103        SH:  0    Dex: 12    Spells: 6/9 levels left

rFire   . . .      SeeInvis .   q - +4 flail (protect)
rCold   . . .      Faith    .   (no shield)
rNeg    . . .      Spirit   .   a - +0 robe
rPois   .          Reflect  .   (helmet restricted)
rElec   .          Harm     .   (no cloak)
rCorr   .          Rampage  .   j - +0 pair of gloves
Will    .....                   (no boots)
Stlth   +.........              (no amulet)
HPRegen 0.13/turn               f - +6 ring of strength
MPRegen 0.11/turn               (no ring)

@: under a protective aura, hasted, constricted, slow
A: antennae 1, rugged brown scales 1
a: no special abilities


You were in a sewer.
You visited 1 branch of the dungeon, and saw 3 of its levels.
You also visited: Sewer.

You collected 103 gold pieces.

Inventory:

Hand Weapons
 q - a +4 flail of protection (weapon)
Armour
 a - a +0 robe (worn)
 j - a +0 pair of gloves (worn)
Jewellery
 d - a ring of flight
 f - a +6 ring of strength (left hand)
Scrolls
 e - a scroll of immolation
 i - a scroll of identify
 l - 2 scrolls of teleportation
 o - a scroll of poison
 s - a scroll of amnesia {unknown}
Potions
 b - a potion of magic
 c - 2 potions of curing {unknown}
 g - a potion of haste
 h - 2 potions of might {unknown}
 k - 2 potions of attraction {unknown}
 m - a potion of heal wounds {unknown}
 n - a potion of flight {unknown}
 p - a potion of cancellation {unknown}
 r - a potion of mutation {unknown}
 t - a potion of invisibility {unknown}


   Skills:
 + Level 2.2 Fighting
 - Level 1.7 Dodging
 - Level 1.7 Stealth
 + Level 2.9 Spellcasting
 * Level 5.3 Conjurations


You had 6 spell levels left.
You knew the following spells:

 Your Spells              Type           Power      Damage    Failure   Level
a - Magic Dart            Conj           100%       1d8       1%          1
b - Searing Ray           Conj           50%        2d6       2%          2

Your spell library contained the following spells:

 Spells                   Type           Power      Damage    Failure   Level
 Dazzling Flash           Conj/Hex       28%        N/A       13%         3
 Slow                     Hex            12%        N/A       14%         1
 Confusing Touch          Hex            3%         N/A       38%         3
 Vampiric Draining        Necr           3%         2d6       38%         3
 Fulminant Prism          Conj/Hex       7%         3d7       41%         4
 Iskenderun's Mystic Bla  Conj/Tloc      14%        2d5       41%         4


Dungeon Overview and Level Annotations

Branches:
Dungeon (3/15)              Sewer (1/1)

Altars:


Innate Abilities, Weirdness & Mutations

You have a pair of small antennae on your head.
You are partially covered in rugged brown scales. (AC +1, +3% HP)


Message History

The bullfrog hits you but does no damage.
You escape the ball python's grasp.
The bullfrog attacks as you move away!
The bullfrog hits you but does no damage.
The bullfrog attacks as you move away! The bullfrog hits you.
The bullfrog barely misses you. The bullfrog closely misses you.
The ball python completely misses you. The ball python grabs you.
The ball python constricts you. The ball python closely misses you.
The bullfrog barely misses you.
The bullfrog hits you but does no damage.
You hit the bullfrog.
Your weapon exudes an aura of protection.
The bullfrog is severely wounded.
The bullfrog closely misses you. The ball python closely misses you.
The ball python barely misses you. The ball python constricts you.
The bullfrog hits you but does no damage. x2
The ball python bites you but does no damage.
The ball python constricts you.
The ball python bites you but does no damage.
The bullfrog hits you but does no damage.
Casting: Magic Dart (safe; 1% risk of failure)
Confirm with . or Enter, or press ? or * to list all spells.
Aiming: Magic Dart (safe; 1% risk of failure)
Press: ? - help, Shift-Dir - straight line, f/p - bullfrog
Aim: a bullfrog (severely wounded, 100% to hit)
The magic dart hits the bullfrog.
The bullfrog is almost dead.
The bullfrog hits you.
* * * LOW HITPOINT WARNING * * *
The bullfrog hits you!
* * * LOW HITPOINT WARNING * * *
The ball python closely misses you.
The ball python bites you but does no damage.
The ball python constricts you.
* * * LOW HITPOINT WARNING * * *
The bullfrog barely misses you.
The bullfrog hits you but does no damage.
Okay, then.
It was a potion of haste.
You feel yourself speed up. The ball python bites you.
You die...

###################
#~≈≈≈≈~~≈≈≈≈≈≈≈≈..###
≈~#~..~≈F≈~≈~~...##
..~~≈~~≈~≈≈~F@~~~~....#
.†#~~~~~≈≈~~SS~~~~...†#
..~≈≈~~≈≈≈≈≈~≈≈~≈.....##
..~≈≈≈≈≈≈≈≈≈≈≈≈≈~..†...#
###################....#
####...## #..#....#
#..'....# #####†..#


You could see 2 bullfrogs and 2 ball pythons.

Vanquished Creatures
  4 gnolls (D:2)
  A river rat (Sewer)
  4 adders (Sewer)
  A worm (D:3)
  4 endoplasms
  A giant cockroach (D:1)
  3 hobgoblins
  2 quokkas
  17 ball pythons
  4 bats
  2 frilled lizards (Sewer)
  4 kobolds
  27 rats
74 creatures vanquished.

Notes
Turn   | Place    | Note
-------+----------+-------------------------------------------
     0 | D:1      | Gelion the Demonspawn Conjurer began the quest for the Orb.
     0 | D:1      | Reached XP level 1. HP: 13/13 MP: 3/3
   645 | D:1      | Gained mutation: You are partially covered in rugged brown
                  | scales. (AC +1, +3% HP) [demonic ancestry]
   645 | D:1      | Reached XP level 2. HP: 14/20 MP: 0/5
   788 | D:1      | Learned a level 2 spell: Searing Ray
  1217 | D:2      | Reached skill level 1 in Fighting
  1420 | D:2      | Reached XP level 3. HP: 9/26 MP: 1/6
  2157 | D:2      | Gained mutation: You have a pair of small antennae on your
                  | head. [demonic ancestry]
  2157 | D:2      | Reached XP level 4. HP: 21/32 MP: 0/7
  2376 | D:3      | Reached skill level 5 in Conjurations
  2379 | D:3      | Found a glowing drain.
  2409 | Sewer    | Entered a sewer
  2972 | Sewer    | Reached XP level 5. HP: 39/39 MP: 4/9
  3057 | Sewer    | Slain by a ball python

Illustrated notes

Levels and vault maps discovered:
D:1:      shiori_shiawase, layout_loops_ring, st_stairs_7
D:2:      layout_basic, minmay_large_rounded_square
D:3:      layout_basic, portal_sewer_entry_a, hellmonk_ecumenical_altar_blasted
Sewer:    sewer_minmay_w

Skill      XL: |  1  2  3  4 |
---------------+-------------+-----
Fighting       | 1 2 |  2.2
Conjurations   | 5 |  5.3
Dodging        | |  1.7
Stealth        | |  1.7
Spellcasting   | |  2.9

Action                   |  1- 3 |  4- 6 || total
-------------------------+-------+-------++-------
Melee: Unarmed           |    14 |       ||    14
       Whip              |    12 |       ||    12
       Flail             |     2 |     9 ||    11
 Cast: Magic Dart        |    55 |    61 ||   116
       Searing Ray       |     3 |       ||     3
  Use: Scroll            |     6 |     1 ||     7
       Potion            |       |     1 ||     1
 Stab: Sleeping          |     1 |     1 ||     2
Armor: Robe              |       |    19 ||    19
Dodge: Dodged            |    30 |    23 ||    53
